 Dungeon Crawl Stone Soup version 0.19.0-9-gfd783f2 (webtiles) character file.

52858 Gingerlord the Quickloader (level 14, -2/129 HPs)
             Began as a Minotaur Abyssal Knight on Nov 8, 2016.
             Was the Champion of Lugonu.
             Slain by a sixfirhy (11 damage)
             ... summoned by an orc high priest
             ... on level 2 of the Orcish Mines.
             The game lasted 00:51:32 (22109 turns).

Gingerlord the Quickloader (MiAK)                  Turns: 22109, Time: 00:51:32

Health: -2/129     AC: 24    Str: 20    XL:     14   Next: 28%
Magic:  0/21       EV: 12    Int: 11    God:    Lugonu [******]
Gold:   1789       SH:  0    Dex: 15    Spells: 0 memorised, 13 levels left

rFire  + . .     SeeInvis .     e - +2 battleaxe (elec)
rCold  . . .     Gourm    .     A - +0 plate armour (curse)
rNeg   . . .     Faith    .     (shield currently unavailable)
rPois  +         Spirit   +     (helmet restricted)
rElec  .         Reflect  .     o - +0 cloak
rCorr  .         Harm     .     S - +2 pair of gloves {Dex+3}
MR     ++...                    O - +2 pair of boots
Stlth  ..........               F - amulet of guardian spirit
                                G - ring of protection from magic
                                t - ring of poison resistance

@: studying Polearms, drained
A: retaliatory headbutt, horns 2, clever 1, fire resistance 1
a: Depart the Abyss, Bend Space, Banish, Corrupt, Enter the Abyss, Brand Weapon
With Distortion, Renounce Religion


You were on level 2 of the Orcish Mines.
You worshipped Lugonu.
Lugonu was exalted by your worship.
You were not hungry.

You visited 3 branches of the dungeon, and saw 19 of its levels.
You visited the Abyss 1 time.
You also visited: Bailey.

You collected 1789 gold pieces.

Inventory:

Hand Weapons
 e - a +2 battleaxe of electrocution (weapon)
 N - a +4 scimitar of flaming
Missiles
 B - 23 bolts
Armour
 o - a +0 cloak (worn)
 z - a +2 buckler
 A - a cursed +0 plate armour (worn)
 O - a +2 pair of boots (worn)
 S - a +2 pair of gloves of dexterity (worn)
Jewellery
 t - a ring of poison resistance (left hand)
 F - an amulet of guardian spirit (around neck)
 G - a ring of protection from magic (right hand)
Wands
 y - a wand of teleportation (3/9)
 H - a wand of iceblast (9/15)
 J - a wand of random effects (14/48)
 M - a wand of iceblast (2/15)
Scrolls
 b - a scroll of identify
 g - 2 scrolls of fear
 h - a scroll of blinking
 k - 5 scrolls of immolation
 m - 2 scrolls of recharging
 n - a scroll of amnesia
 u - a scroll of fog
 v - 8 scrolls of teleportation
 w - 4 scrolls of enchant weapon
 I - 6 scrolls of remove curse
 K - 5 scrolls of noise {unknown}
 T - 3 scrolls of summoning {unknown}
Potions
 d - 2 potions of cancellation
 i - 4 potions of flight
 j - 3 potions of might
 p - 4 potions of haste
 r - a potion of mutation
 x - 2 potions of magic
 C - a potion of lignification
 Q - 2 potions of resistance
 R - a potion of agility
Books
 a - a manual of Polearms
Comestibles
 c - 6 bread rations
 f - 3 beef jerkies
 l - 7 meat rations
 E - 26 fruits


   Skills:
 + Level 13.1(12.5) Fighting
 + Level 6.1(5.5) Axes
   Level 13.4(12.8) Crossbows
 + Level 12.6(12.0) Armour
 + Level 11.8(11.2) Dodging
 - Level 2.6(2.1) Shields
 + Level 10.9(10.3) Invocations


You had 13 spell levels left.
You didn't know any spells.

Dungeon Overview and Level Annotations

Branches:
Dungeon (11/15)            Temple (0/1) D:5            Lair (6/6) D:8
 Shoals (0/4) Lair:3       Spider (0/4) Lair:4        Slime (0/5) Lair:5
    Orc (2/2) D:9             Elf (0/3) Orc:2

Altars:
Makhleb
Okawaru
Sif Muna
Jiyva

Shops:
D:5 (   D:11 }   Orc:2 }

Portals:
Hell: Lair:6

Annotations:
D:4 Blork the orc


Innate Abilities, Weirdness & Mutations

You reflexively headbutt those who attack you in melee.
You have a pair of horns on your head.
Your mind is acute. (Int +2)
Your flesh is heat resistant. (rF+)


Message History

The sixfirhy hits you but does no damage. x2
The orc high priest hits you but does no damage.
The sixfirhy closely misses you. x2; You furiously retaliate!
You headbutt the sixfirhy! The sixfirhy closely misses you.
Unknown command.
Press: ? - help, Shift-Dir - straight line, f - orc high priest
Aim: an orc high priest, wielding a mace (severely wounded, chance to defeat MR: 58%)
The orc high priest resists with significant effort.
You feel somewhat more hungry.
The sixfirhy hits you but does no damage. x2
The sixfirhy hits you!
* * * LOW HITPOINT WARNING * * *
The sixfirhy shocks you!
* * * LOW HITPOINT WARNING * * *
The sixfirhy hits you but does no damage. x2
The sixfirhy completely misses you. The sixfirhy barely misses you.
The sixfirhy hits you!
* * * LOW HITPOINT WARNING * * *
The sixfirhy shocks you!
You die...

....)).......
÷...........##
...............
...............
.............######
.......#.....#∩...#
.............#....#
.............#.33o#
.............###@##..#
................3....#
.............###+###.#
.............#
.......).÷...#
......[)[)...#
.............# #
.............#######.##
.......................


You could see an orc high priest and 3 sixfirhies.

Vanquished Creatures
  A dire elephant (Lair:6)
  The ghost of Exaltedone87 the Cleaver, a journeyman DDFi of Makhleb (Lair:4)
  Josephine (Lair:6)
  7 hydras
  Erica (Lair:1)
  A catoblepas (Lair:5)
  A centaur warrior (D:10)
  Urug (D:11)
  Nergalle (Lair:1)
  A sun demon (Lair:6)
  A sixfirhy (Lair:6)
  A wizard (Lair:6)
  A lindwurm (Lair:4)
  3 hill giants
  5 elephants (Lair:6)
  An oklob plant (Lair:6)
  A siren (Lair:3)
  5 black mambas
  20 spiny frogs
  3 rime drakes
  2 orange demons (Lair:6)
  8 komodo dragons
  3 ice devils (Lair:6)
  A hellwing (Lair:6)
  A troll (Orc:2)
  3 red devils (Lair:6)
  A merfolk (D:11)
  3 polar bears (Lair:5)
  13 blink frogs
  12 hippogriffs
  34 yaks
  Sigmund (D:4)
  5 wraiths (Lair:6)
  A wyvern (Lair:5)
  2 basilisks
  A steam dragon (D:11)
  4 wargs
  9 water moccasins
  A mottled dragon (D:11)
  A hell hound (Lair:6)
  8 porcupines
  18 orc warriors
  6 necrophages (Lair:4)
  6 ice beasts
  3 black bears
  2 phantoms
  10 ogres
  7 wolves (Lair:5)
  4 boggarts (Lair:5)
  6 centaurs
  10 crocodiles
  9 bullfrogs
  A wyvern skeleton (D:6)
  2 scorpions
  14 killer bees
  3 howler monkeys
  3 wights (D:7)
  2 electric eels (Lair:3)
  A centaur zombie (D:11)
  4 hounds
  A quasit (D:8)
  14 orc priests
  2 centaur skeletons
  A jelly (D:10)
  10 orc wizards
  A bullfrog skeleton (D:9)
  Jessica (D:2)
  Terence (D:3)
  4 worker ants
  4 iguanas
  A hell rat (D:8)
  A killer bee zombie (D:7)
  A hound zombie (D:11)
  A hound skeleton (D:9)
  A howler monkey zombie (D:6)
  3 gnolls (D:2)
  21 adders
  2 shadow imps (D:5)
  2 oozes (D:1)
  5 worms
  4 dart slugs
  5 leopard geckos
  40 orcs
  8 giant cockroaches
  3 goblins
  13 hobgoblins
  4 jackals (D:8)
  5 quokkas
  9 bats
  3 frilled lizards
  7 kobolds
  7 rats
  A fungus (Lair:6)
468 creatures vanquished.

Vanquished Creatures (others)
  2 orc knights (Bailey)
  A spiny frog (Lair:5)
  2 fungi (Lair:6)
  3 plants (Lair:6)
8 creatures vanquished.

Grand Total: 476 creatures vanquished

Notes
Turn   | Place    | Note
-------+----------+-------------------------------------------
     0 | Abyss:1  | Gingerlord the Minotaur Abyssal Knight began the quest for the Orb.
     0 | Abyss:1  | Reached XP level 1. HP: 19/19 MP: 1/1
    33 | Abyss:1  | Found a corrupted altar of Lugonu.
   110 | Abyss:1  | Noticed a tentacled starspawn
   113 | D:1      | Escaped the Abyss
   143 | D:1      | Reached XP level 2. HP: 12/27 MP: 2/2
   385 | D:1      | Reached * piety under Lugonu
   675 | D:1      | Reached XP level 3. HP: 28/34 MP: 3/3
  1353 | D:2      | Reached XP level 4. HP: 29/41 MP: 4/4
  1850 | D:2      | Reached ** piety under Lugonu
  2162 | D:2      | Reached XP level 5. HP: 27/47 MP: 4/6
  2439 | D:2      | Noticed Jessica
  2448 | D:2      | Killed Jessica
  2448 | D:2      | Reached skill level 5 in Fighting
  2942 | D:3      | Noticed Terence
  2952 | D:3      | Killed Terence
  3428 | D:4      | Reached XP level 6. HP: 51/56 MP: 7/7
  3922 | D:4      | Noticed Blork the orc
  3923 | D:4      | Noticed Sigmund
  4222 | D:4      | Killed Sigmund
  4222 | D:4      | Reached skill level 1 in Shields
  4248 | D:4      | Found a deep blue altar of Sif Muna.
  4357 | D:4      | Reached XP level 7. HP: 61/61 MP: 8/8
  4551 | D:5      | Entered Level 5 of the Dungeon
  4551 | D:5      | Found Ofaul's Antique Weapon Boutique.
  4584 | D:5      | HP: 3/62 [poisoned by a scorpion]
  4589 | D:5      | HP: 2/62 [poisoned by a scorpion]
  4597 | D:5      | HP: 2/62 [poisoned by a scorpion]
  4911 | D:5      | Got an ichor-stained arbalest
  4917 | D:5      | Identified the +3 arbalest "Lacertilianbane" {freeze, Fragile rPois rF+ rN++} (You found it on level 5 of the Dungeon)
  5233 | D:5      | Reached skill level 1 in Crossbows
  5606 | D:5      | Found a staircase to the Ecumenical Temple.
  5769 | D:6      | Reached *** piety under Lugonu
  5769 | D:6      | Reached XP level 8. HP: 65/71 MP: 10/10
  5820 | D:5      | Reached skill level 5 in Armour
  7554 | D:7      | Reached skill level 5 in Dodging
  8101 | D:8      | Reached skill level 5 in Invocations
  8108 | D:8      | Reached XP level 9. HP: 59/79 MP: 7/11
  8251 | D:8      | Noticed a spiny frog
  8252 | D:8      | Noticed a spiny frog
  8267 | D:8      | Killed a spiny frog
  8267 | D:8      | Reached skill level 5 in Crossbows
  8379 | D:8      | Found a staircase to the Lair.
  8831 | D:8      | Killed a spiny frog
  8831 | D:8      | Reached **** piety under Lugonu
  9284 | D:9      | Found a flagged portal.
  9294 | Bailey   | Entered a bailey
  9299 | Bailey   | Reached XP level 10. HP: 63/90 MP: 13/13
  9300 | Bailey   | Noticed an orc knight
  9300 | Bailey   | Noticed an orc knight
 10014 | Bailey   | Banished an orc knight
 10019 | Bailey   | Banished an orc knight
 10301 | D:9      | Got a bloodstained leather armour
 10366 | D:9      | Identified the cursed +1 leather armour of Anezazxe {rF- Int+7 SInv Stlth+} (You found it on level 9 of the Dungeon)
 10504 | D:9      | Found a staircase to the Orcish Mines.
 10693 | D:10     | Entered Level 10 of the Dungeon
 10864 | D:10     | Noticed a hill giant
 10875 | D:10     | Killed a hill giant
 11272 | D:10     | Noticed a centaur warrior
 11277 | D:10     | Killed a centaur warrior
 11636 | Lair:1   | Entered Level 1 of the Lair of Beasts
 11687 | Lair:1   | Reached XP level 11. HP: 97/97 MP: 15/15
 11691 | Lair:1   | Reached ***** piety under Lugonu
 11753 | Lair:1   | Noticed Erica
 11765 | Lair:1   | Killed Erica
 12525 | Lair:1   | Reached skill level 10 in Crossbows
 12627 | Lair:1   | Reached skill level 10 in Fighting
 12932 | Lair:1   | Noticed Nergalle
 12950 | Lair:1   | Killed Nergalle
 13079 | Lair:2   | Noticed a seven-headed hydra
 13091 | Lair:2   | Killed a seven-headed hydra
 13418 | Lair:2   | Reached XP level 12. HP: 107/107 MP: 17/17
 13537 | Lair:2   | Got a sparkling bronze amulet
 13618 | Lair:2   | Identified the amulet of Alof {Faith rN+ Dex+6 Slay-5} (You found it on level 2 of the Lair of Beasts)
 13946 | Lair:3   | Reached skill level 10 in Armour
 14165 | Lair:3   | Found a staircase to the Shoals.
 14704 | Lair:4   | Found a labyrinth entrance.
 14718 | Lair:4   | You fall through a shaft for 2 floors!
 14718 | Lair:6   | Entered Level 6 of the Lair of Beasts
 14917 | Lair:5   | Noticed a catoblepas
 14930 | Lair:5   | Killed a catoblepas
 15495 | Lair:4   | Noticed Exaltedone87's ghost (journeyman DDFi)
 15518 | Lair:4   | Killed Exaltedone87's ghost
 15518 | Lair:4   | Reached skill level 10 in Dodging
 15947 | Lair:4   | Found a hole to the Spider Nest.
 16583 | Lair:5   | Found a staircase to the Slime Pits.
 16591 | Lair:5   | Found a viscous altar of Jiyva.
 16667 | Lair:5   | Reached XP level 13. HP: 114/114 MP: 19/19
 17256 | Lair:5   | Gained mutation: Your flesh is heat resistant. (rF+) [potion of beneficial mutation]
 17257 | Lair:5   | Gained mutation: Your mind is acute. (Int +2) [potion of beneficial mutation]
 18068 | Lair:6   | Reached skill level 10 in Invocations
 18534 | Lair:6   | Noticed a dire elephant
 18542 | Lair:6   | Killed a dire elephant
 19713 | Lair:6   | Noticed Josephine
 19720 | Lair:6   | Reached XP level 14. HP: 111/127 MP: 18/20
 19732 | Lair:6   | Killed Josephine
 19732 | Lair:6   | Reached skill level 5 in Axes
 20131 | Lair:6   | Found a burning altar of Makhleb.
 20136 | Lair:6   | Found a gateway to Hell.
 20447 | D:11     | Found an iron altar of Okawaru.
 20907 | D:11     | Found Sylefaw's Gadget Boutique.
 20910 | D:11     | Noticed Urug
 20926 | D:11     | Killed Urug
 21460 | Orc:1    | Entered Level 1 of the Orcish Mines
 21609 | Orc:2    | Entered Level 2 of the Orcish Mines
 21626 | Orc:2    | Found a staircase to the Elven Halls.
 21693 | Orc:2    | Reached ****** piety under Lugonu
 22093 | Orc:2    | Found Tip Zeth's Gadget Boutique.
 22109 | Orc:2    | Slain by a sixfirhy

Skill      XL: |  1  2  3  4  5  6  7  8  9 10 11 12 13 14 |
---------------+-------------------------------------------+-----
Fighting       | 4 5 6 7 8 9 10 11 12 13 | 13.1
Invocations    | 2 3 4 5 6 7 8 9 10 | 10.9
Dodging        | 2 3 4 5 6 7 8 10 11 | 11.8
Axes           | 3 4 6 |  6.1
Armour         | 3 4 5 7 8 9 11 12 | 12.6
Shields        | 1 2 |  2.6
Crossbows      | 2 4 7 9 11 12 13 | 13.4

Action                   |  1- 3 |  4- 6 |  7- 9 | 10-12 | 13-15 || total
-------------------------+-------+-------+-------+-------+-------++-------
Melee: Hand axe          |    83 |   165 |    14 |       |    12 ||   274
       Headbutt          |    16 |    22 |     3 |       |    52 ||    93
       Battleaxe         |       |       |       |       |   221 ||   221
 Fire: Arbalest          |       |       |   186 |   516 |   244 ||   946
Invok: Depart the Abyss  |     1 |       |       |       |       ||     1
       Bend Space        |       |       |     2 |     4 |     1 ||     7
       Banish            |       |       |       |     3 |     2 ||     5
Evoke: Wand              |       |       |       |       |     7 ||     7
  Use: Scroll            |       |     3 |    10 |     8 |     9 ||    30
       Potion            |       |       |       |     2 |     6 ||     8
  Eat: Chunk             |     1 |     8 |     9 |     8 |     9 ||    35
       Royal jelly       |       |     1 |       |       |       ||     1
       Beef jerky        |       |       |     2 |       |     1 ||     3
       Bread ration      |       |       |     1 |     3 |     1 ||     5
       Pizza             |       |       |       |     1 |     2 ||     3
Armor: Leather armour    |    16 |    21 |       |       |       ||    37
       Scale mail        |       |    28 |    15 |       |       ||    43
       Ring mail         |       |       |    40 |    89 |    73 ||   202
       Plate armour      |       |       |       |       |   190 ||   190
Dodge: Dodged            |    42 |   101 |   121 |   250 |   362 ||   876
Block: Buckler           |       |     2 |     3 |       |       ||     5
